% Time on Ice - SAN JOSE BRONCOS
Lines # - Real PCT - Wanted PCT - Time Play
Normal Forward
1 - 25% - 25% - 14:16
2 - 25% - 25% - 13:58
3 - 25% - 25% - 14:06
4 - 24% - 25% - 13:42
Normal Defense
1 - 30% - 30% - 16:55
2 - 31% - 30% - 17:20
3 - 30% - 30% - 17:00
4 - 9% - 10% - 4:47
PP Forward
1 - 69% - 50% - 1:22
2 - 31% - 50% - 0:37
PP Defense
1 - 50% - 50% - 0:59
2 - 50% - 50% - 1:00
PK Forward
1 - 55% - 50% - 1:05
2 - 45% - 50% - 0:54
PK Defense
1 - 52% - 50% - 1:02
2 - 48% - 50% - 0:57
PK3 Forward
1 - 0% - 50%
2 - 0% - 50%
PK3 Defense
1 - 0% - 50%
2 - 0% - 50%
44 Forward
1 - 0% - 50%
2 - 0% - 50%
44 Defense
1 - 0% - 50%
2 - 0% - 50%
Last Minute Offensive  - 0:00
Last Minute Defensive  - 0:00
Total
Forward - 60:00
Defense - 60:00
% Time on Ice - ANCHORAGE ACES
Lines # - Real PCT - Wanted PCT - Time Play
Normal Forward
1 - 34% - 36% - 19:05
2 - 33% - 33% - 18:17
3 - 28% - 28% - 15:54
4 - 5% - 3% - 2:46
Normal Defense
1 - 34% - 36% - 19:01
2 - 33% - 31% - 18:38
3 - 26% - 23% - 14:39
4 - 7% - 10% - 3:44
PP Forward
1 - 52% - 55% - 1:02
2 - 48% - 45% - 0:57
PP Defense
1 - 48% - 55% - 0:57
2 - 52% - 45% - 1:02
PK Forward
1 - 61% - 55% - 1:13
2 - 39% - 45% - 0:46
PK Defense
1 - 61% - 55% - 1:13
2 - 39% - 45% - 0:46
PK3 Forward
1 - 0% - 55%
2 - 0% - 45%
PK3 Defense
1 - 0% - 55%
2 - 0% - 45%
44 Forward
1 - 0% - 55%
2 - 0% - 45%
44 Defense
1 - 0% - 55%
2 - 0% - 45%
Last Minute Offensive  - 0:00
Last Minute Defensive  - 0:00
Total
Forward - 60:00
Defense - 60:00
Play-by-Play 1st period 0:01 of 1st period - Clayton Keller wins face-off versus Connor McDavid in neutral zone. 0:54 of 1st period - Icing by Jaccob Slavin. 0:55 of 1st period - Erik Haula wins face-off versus Clayton Keller in SAN JOSE BRONCOS zone. 2:09 of 1st period - Shot by Tomas Nosek. 2:09 of 1st period - Stopped by Darcy Kuemper without a rebound. 2:10 of 1st period - Phillip Danault wins face-off versus Ilya Usau in ANCHORAGE ACES zone. 2:23 of 1st period - Shot by Brett Leason. 2:23 of 1st period - Shot Blocked by Jack Johnson. 3:09 of 1st period - Shot by Connor McDavid. 3:09 of 1st period - Stopped by John Gibson without a rebound. 3:10 of 1st period - Connor McDavid wins face-off versus Clayton Keller in SAN JOSE BRONCOS zone. 3:56 of 1st period - Shot by Connor McDavid. 3:56 of 1st period - Stopped by John Gibson without a rebound. 3:57 of 1st period - Tomas Nosek wins face-off versus Phillip Danault in SAN JOSE BRONCOS zone. 4:07 of 1st period - Icing by Phillip Danault. 4:08 of 1st period - Ilya Usau wins face-off versus Conor Sheary in ANCHORAGE ACES zone. 4:08 of 1st period - Ilya Usau is hit by Filip Hronek. 4:10 of 1st period - Shot by Jake Walman. 4:10 of 1st period - Deflect By Jonathan Gruden. 4:10 of 1st period - Shot Misses the Net. 4:42 of 1st period - Shot by Nikolaj Ehlers. 4:42 of 1st period - Stopped by John Gibson without a rebound. 4:43 of 1st period - Tomas Nosek wins face-off versus Nathan MacKinnon in SAN JOSE BRONCOS zone. 4:43 of 1st period - Tomas Nosek is hit by Ryan Lomberg. 4:48 of 1st period - Seth Jones is hit by Neal Pionk and loses puck. 5:49 of 1st period - Phillip Danault is hit by Jesse Puljujarvi and loses puck. 5:56 of 1st period - Shot by Jani Hakanpaa. 5:56 of 1st period - Shot Misses the Net. 6:00 of 1st period - Shot by Nikolaj Ehlers. 6:00 of 1st period - Shot Blocked by Damon Severson. 6:08 of 1st period - Shot by Nikolaj Ehlers. 6:08 of 1st period - Stopped by John Gibson with a rebound. 6:14 of 1st period - Shot by Phillip Danault. 6:14 of 1st period - Stopped by John Gibson without a rebound. 6:15 of 1st period - Ilya Usau wins face-off versus Connor McDavid in SAN JOSE BRONCOS zone. 6:54 of 1st period - Icing by Jake Bean. 6:55 of 1st period - Ilya Usau wins face-off versus Phillip Danault in SAN JOSE BRONCOS zone. 8:52 of 1st period - Icing by Jack Johnson. 8:53 of 1st period - Clayton Keller wins face-off versus Chris Kreider in ANCHORAGE ACES zone. 8:54 of 1st period - Shot by Jesper Bratt. 8:54 of 1st period - Shot Misses the Net. 9:26 of 1st period - Icing by Oliver Bjorkstrand. 9:27 of 1st period - Connor McDavid wins face-off versus Clayton Keller in SAN JOSE BRONCOS zone. 9:33 of 1st period - Off-side. 9:34 of 1st period - Yegor Sharangovich wins face-off versus Jonathan Gruden in neutral zone. 10:33 of 1st period - Shot by Tomas Nosek. 10:33 of 1st period - Deflect By Brayden Point. 10:33 of 1st period - Shot Blocked by Ryan Pulock. 10:39 of 1st period - Shot by Brayden Point. 10:39 of 1st period - Shot Misses the Net. 10:41 of 1st period - Shot by Damon Severson. 10:41 of 1st period - Shot Misses the Net. 11:24 of 1st period - Shot by Alexander Kerfoot. 11:24 of 1st period - Shot Misses the Net. 11:26 of 1st period - Shot by Cole Caufield. 11:26 of 1st period - Shot Misses the Net. 11:43 of 1st period - Jake Bean is hit by Jakob Chychrun and loses puck. 12:19 of 1st period - Icing by Jake Walman. 12:20 of 1st period - Alexander Kerfoot wins face-off versus Phillip Danault in SAN JOSE BRONCOS zone. 12:32 of 1st period - Shot by Conor Sheary. 12:32 of 1st period - Shot Blocked by Alexander Kerfoot. 12:58 of 1st period - Shot by Phillip Danault. 12:58 of 1st period - Shot Misses the Net. 13:01 of 1st period - Minor Penalty to Conor Sheary for Holding. 13:02 of 1st period - Clayton Keller wins face-off versus Erik Haula in ANCHORAGE ACES zone. 13:07 of 1st period - Shot by Clayton Keller. 13:07 of 1st period - Stopped by Darcy Kuemper without a rebound. 13:08 of 1st period - Erik Haula wins face-off versus Clayton Keller in ANCHORAGE ACES zone. 13:25 of 1st period - Shot by Jesper Bratt. 13:25 of 1st period - Shot Misses the Net. 13:27 of 1st period - Shot by Clayton Keller. 13:27 of 1st period - Stopped by Darcy Kuemper with a rebound. 13:29 of 1st period - Shot by Jaccob Slavin. 13:29 of 1st period - Stopped by Darcy Kuemper without a rebound. 13:30 of 1st period - Phillip Danault wins face-off versus Clayton Keller in ANCHORAGE ACES zone. 13:54 of 1st period - Shot by Clayton Keller. 13:54 of 1st period - Shot Blocked by Filip Hronek. 13:56 of 1st period - Shot by Jesper Bratt. 13:56 of 1st period - Shot Misses the Net. 13:58 of 1st period - Shot by Clayton Keller. 13:58 of 1st period - Shot Misses the Net. 14:00 of 1st period - Shot by Damon Severson. 14:00 of 1st period - Stopped by Darcy Kuemper with a rebound. 14:02 of 1st period - Shot by Jesper Bratt. 14:02 of 1st period - Stopped by Darcy Kuemper without a rebound. 14:03 of 1st period - Erik Haula wins face-off versus Alexander Kerfoot in ANCHORAGE ACES zone. 14:12 of 1st period - Erik Haula is hit by Alexander Kerfoot and loses puck. 15:42 of 1st period - Icing by Jake Walman. 15:43 of 1st period - Erik Haula wins face-off versus Brett Leason in SAN JOSE BRONCOS zone. 16:18 of 1st period - Shot by Erik Haula. 16:18 of 1st period - Stopped by John Gibson without a rebound. 16:19 of 1st period - Connor McDavid wins face-off versus Clayton Keller in SAN JOSE BRONCOS zone. 16:29 of 1st period - Shot by Nathan MacKinnon. 16:29 of 1st period - Shot Blocked by Jaccob Slavin. 16:53 of 1st period - Shot by Jesper Bratt. 16:53 of 1st period - Shot Misses the Net. 17:41 of 1st period - Shot by Brayden Point. 17:41